 Dungeon Crawl Stone Soup version 0.31.0-12-g77e489cdc1 (webtiles) character file.

Game seed: 8811808831179366632

408 spaghetti the Fighter (level 6, -2/76 (78) HPs)
             Began as an Oni Chaos Knight on Mar 7, 2024.
             Was a Plaything of Xom.
             Slain by an ice dragon (8 damage)
             ... on level 4 of the Dungeon.
             The game lasted 00:04:27 (3268 turns).

spaghetti the Fighter (Oni Chaos Knight)            Turns: 3268, Time: 00:04:27

HP:   -2/76 (78)    AC:  8    Str: 16    XL:     6   Next: 88%
MP:   6/6           EV:  9    Int: 19    God:    Xom [.*....]
Gold: 1002          SH:  0    Dex:  7    Spells: 5/5 levels left

rFire   . . .        j - +0 lajatang
rCold   . . .        (shield currently unavailable)
rNeg    . . .        b - +2 robe
rPois   .            (helmet restricted)
rElec   .            (no cloak)
rCorr   .            (gloves unavailable)
SInv    .            (boots unavailable)
Will    .....        e - amulet of the acrobat
Stlth   +            k - +4 ring of protection
HPRegen 0.32/turn    (no ring)
MPRegen 0.10/turn

%: acrobat
@: mighty, hasted, lightly drained, invisible, very quick
A: large, unfitting armour, horns 1, tough skin 1, double potion healing,
drunken brawling, clever 1, deformed body
a: Renounce Religion


You were on level 4 of the Dungeon.
You worshipped Xom.
You were a plaything of Xom.
You visited 1 branch of the dungeon, and saw 4 of its levels.
You also visited: Sewer.

You collected 1002 gold pieces.

Inventory:

Hand Weapons
 a - a +0 falchion of chaos
 j - a +0 lajatang (weapon)
Missiles
 p - 29 poisoned darts
 w - 2 throwing nets
Armour
 b - a +2 robe (worn)
 f - the +1 robe "Igowaoh" {rElec rPois Dex+3}
   (You found it on level 3 of the Dungeon)

   Dex+3:     It affects your dexterity (+3).
   rElec:     It insulates you from electricity.
   rPois:     It protects you from poison
Jewellery
 e - an amulet of the acrobat (around neck)
 g - a ring of fire
 k - a +4 ring of protection (left hand)
 o - a ring of flight
Wands
 v - a wand of flame (6)
Scrolls
 c - a scroll of butterflies
 d - a scroll of immolation
 i - a scroll of enchant weapon
 l - 3 scrolls of teleportation
 m - a scroll of vulnerability
Potions
 h - a potion of curing
 n - a potion of mutation
 q - a potion of might
 r - a potion of brilliance
 u - 2 potions of heal wounds {unknown}


   Skills:
 + Level 9.9 Fighting
 - Level 2.6 Long Blades
 - Level 2.1 Dodging


You had 5 spell levels left.
You didn't know any spells.
Your spell library contained the following spells:

 Spells                   Type           Power      Damage    Failure   Level
 Hailstorm                Conj/Ice       0%         3d5       52%         3
 Summon Ice Beast         Ice/Summ       0%         N/A       52%         3
 Sculpt Simulacrum        Ice/Alch       0%         N/A       100%        6


Dungeon Overview and Level Annotations

Branches:
Dungeon (4/15)              Sewer (visited)
 Temple: D:4-7

Altars:
Xom
Zin


Innate Abilities, Weirdness & Mutations

You are too large for most types of armour.
You have a pair of small horns on your head.
You have tough skin. (AC +1)
You gain doubled healing and magic from potions.
Whenever you drink a healing potion, you attack all around you.
Your mind is acute. (Int +4, Str/Dex -1)
Armour fits poorly on your strangely shaped body.


Message History

You barely miss the hound zombie.
You hear Xom's avuncular chuckle.
The iguana evaporates and reforms as an ice dragon!
The hound zombie bites you but does no damage.
The hound zombie closely misses you.
You slash the hound zombie!
The hound zombie is heavily damaged.
The hound zombie bites you. The ice dragon breathes frost at you.
The blast of cold hits the hound zombie!
The hound zombie resists.
The blast of cold hits you!!
The hound zombie bites you but does no damage.
You are too injured to fight recklessly!
It was a potion of might.
You feel very mighty all of a sudden.
The hound zombie bites you but does no damage.
Okay, then.
You slash the hound zombie!
You destroy the hound zombie!
The ice dragon bites you! The ice dragon claws you.
The ice dragon tramples you but does no damage.
You barely miss the ice dragon. The ice dragon bites you!
The ice dragon claws you.
* * * LOW HITPOINT WARNING * * *
The ice dragon tramples you but does no damage.
It was a potion of invisibility.
You fade into invisibility!
The ice dragon bites you!
* * * LOW HITPOINT WARNING * * *
The ice dragon barely misses you. The ice dragon closely misses you.
It was a potion of haste.
You feel yourself speed up.
Xom roars with laughter!
The ice dragon closely misses you. The ice dragon claws you!
* * * LOW HITPOINT WARNING * * *
The ice dragon misses you.
You slice the ice dragon!!
The ice dragon is moderately wounded.
The ice dragon bites you!
You die...
Xom snickers!

#########
#######....)..#
...>....# #####.### #
##..### # #.....#
###.....############.##
##...8..........@D....#
##......############..#
##......# #.....##
##.##########
#..Z##....... ...Sh..#
#..h#### ##Z##


You could see an ice dragon (unable to see you).

Vanquished Creatures
  A kobold brigand (Sewer)
  A water moccasin zombie (D:4)
  An orc priest (D:3)
  A centaur skeleton (D:4)
  A scorpion zombie (D:4)
  A hound zombie (D:4)
  A howler monkey zombie (D:4)
  An adder (D:3)
  A howler monkey skeleton (D:4)
  4 shadow imps (Sewer)
  2 ufetubi (Sewer)
  2 adder zombies (D:4)
  2 ribbon worms
  A dart slug (D:2)
  4 orcs
  8 ball pythons
  7 bats
  6 endoplasms
  4 giant cockroaches
  9 goblins
  8 hobgoblins
  3 jackals
  16 kobolds
  7 quokkas
  5 frilled lizards
  A kobold zombie (Sewer)
  2 rats
100 creatures vanquished.

Vanquished Creatures (others)
  A kobold brigand (Sewer)
  A quasit (Sewer)
  A bat zombie (Sewer)
  An endoplasm (Sewer)
  A kobold (Sewer)
5 creatures vanquished.

Grand Total: 105 creatures vanquished

Notes
Turn   | Place    | Note
-------+----------+-------------------------------------------
     0 | D:1      | spaghetti the Oni Chaos Knight began the quest for the Orb.
     0 | D:1      | Reached XP level 1. HP: 24/24 MP: 1/1
   303 | D:1      | XOM: cloud trail
   444 | D:1      | Reached XP level 2. HP: 33/33 MP: 2/2
   815 | D:1      | XOM: silly message
   947 | D:1      | Reached skill level 5 in Fighting
  1071 | D:2      | XOM: polymorph ball python -> dart slug
  1075 | D:2      | Reached XP level 3. HP: 42/42 MP: 3/3
  1075 | D:2      | Gained mutation: Armour fits poorly on your strangely
                  | shaped body. [potion of mutation]
  1075 | D:2      | Gained mutation: Your mind is acute. (Int +4, Str/Dex -1)
                  | [potion of mutation]
  1195 | D:2      | XOM: god gift: chain mail {god gift}
  1451 | D:2      | XOM: smoke on damage
  1521 | D:2      | XOM: fog
  1543 | D:2      | Reached skill level 6 in Fighting
  1784 | D:3      | Found a shimmering altar of Xom.
  1784 | D:3      | Noticed an angel
  1791 | D:3      | Found a glowing silver altar of Zin.
  1795 | D:3      | Identified the +1 robe "Igowaoh" {rElec rPois Dex+3}
  1843 | D:3      | XOM: scenery: summon butterflies
  1891 | D:3      | Reached XP level 4. HP: 32/53 MP: 4/4
  2137 | D:3      | Reached skill level 7 in Fighting
  2143 | D:3      | XOM: torment (15/55 hp)
  2183 | D:3      | XOM: god gift: potion of curing
  2227 | D:3      | XOM: divination: detect items
  2234 | D:3      | XOM: silly message
  2313 | D:3      | Found a glowing drain.
  2332 | Sewer    | Entered a sewer
  2388 | Sewer    | Reached XP level 5. HP: 44/62 MP: 5/5
  2464 | Sewer    | XOM: god gift: 749 gold pieces
  2507 | Sewer    | Found a burning altar of Makhleb.
  2507 | Sewer    | Noticed a kobold brigand
  2529 | Sewer    | XOM: divine lightning
  2532 | Sewer    | Killed a kobold brigand
  2532 | Sewer    | XOM: divine lightning
  2546 | Sewer    | Noticed a kobold brigand
  2554 | Sewer    | Killed a kobold brigand
  2555 | Sewer    | Reached skill level 8 in Fighting
  2555 | Sewer    | Reached XP level 6. HP: 54/74 MP: 6/6
  2557 | Sewer    | XOM: scenery: 1 doors close
  2874 | D:3      | XOM: draining
  3066 | D:4      | Reached skill level 9 in Fighting
  3067 | D:4      | XOM: confusion (+ monsters)
  3116 | D:4      | XOM: cleaving
  3116 | D:4      | Noticed a black bear
  3124 | D:4      | XOM: silly message
  3125 | D:4      | XOM: 1-stop teleportation journey
  3261 | D:4      | an iguana changed into an ice dragon
  3261 | D:4      | Noticed an ice dragon
  3261 | D:4      | XOM: polymorph iguana -> ice dragon
  3268 | D:4      | Slain by an ice dragon

Illustrated notes

Levels and vault maps discovered:
D:1:      dreamdust_arrival_sigmund_warning, layout_basic,
          amcnicky_mini_pool_small, grunt_decor_one_mirror
D:2:      layout_basic
D:3:      layout_basic, grunt_temple_overflow_order_and_chaos_1,
          portal_sewer_entry_f
D:4:      layout_loops_ring, dk_yredelemnul_ordeal, serial_undead,
          serial_undead_c, serial_undead_a, serial_undead_d, serial_undead_b,
          serial_undead_b, serial_undead_d, serial_undead_c, serial_undead_e,
          uniq_edmund, uniq_crazy_yiuf_cottage

Skill      XL: |  1  2  3  4  5  6 |
---------------+-------------------+-----
Fighting       | 5 6 7 8 9 |  9.9
Long Blades    | |  2.6
Dodging        | |  2.1

Action                     |  1- 3 |  4- 6 || total
---------------------------+-------+-------++-------
  Melee: Falchion          |    96 |       ||    96
         Headbutt          |    15 |    17 ||    32
         Lajatang          |    20 |   181 ||   201
         Punch             |     1 |       ||     1
  Throw: Dart              |       |     3 ||     3
    Use: Scroll            |     6 |     2 ||     8
         Potion            |     2 |     5 ||     7
   Stab: Sleeping          |     1 |       ||     1
 Armour: Robe              |    90 |   189 ||   279
  Dodge: Dodged            |    54 |   163 ||   217
